 Dungeon Crawl Stone Soup version 0.32-a0-931-g5a2cda0630 (webtiles) character file.

Game seed: 4224565052770155206

200 zazu2006 the Cleaver (level 5, -4/47 HPs)
             Began as a Gnoll Wanderer on Apr 13, 2024.
             Was an Initiate of Vehumet.
             Slain by Eustachio
             ... wielding a +0 rapier
              (8 damage)
             ... on level 5 of the Dungeon.
             The game lasted 00:07:32 (1333 turns).

zazu2006 the Cleaver (Gnoll Wanderer)               Turns: 1333, Time: 00:07:32

Health: -4/47      AC:  4    Str: 14 (15) XL:     5   Next: 79%
Magic:  7/7        EV: 11    Int:  8 (11) God:    Vehumet [......]
Gold:   140        SH:  0    Dex:  9 (10) Spells: 3/7 levels left

rFire   + + .        a - +3 hand axe
rCold   x . .        (no shield)
rNeg    . . .        e - +0 leather armour
rPois   .            r - +0 helmet
rElec   .            (no cloak)
rCorr   .            (no gloves)
SInv    .            (no boots)
Will    .....        (no amulet)
Stlth   +            k - ring of protection from fire
HPRegen 0.27/turn    q - ring of fire
MPRegen 0.10/turn

%: no passive effects
@: no status effects
A: fangs 1, strong nose, distributed training
a: Renounce Religion


You were on level 5 of the Dungeon.
You worshipped Vehumet.
Vehumet was noncommittal.
You visited 2 branches of the dungeon, and saw 6 of its levels.

You collected 140 gold pieces.

Inventory:

Hand Weapons
 a - a +3 hand axe (weapon)
 c - a +0 dagger
Missiles
 b - 8 boomerangs (quivered)
Armour
 e - a +0 leather armour (worn)
 r - a +0 helmet (worn)
Jewellery
 k - a ring of protection from fire (left hand)
 n - a ring of willpower
 q - a ring of fire (right hand)
Scrolls
 f - a scroll of butterflies {unknown}
 g - 2 scrolls of identify {unknown}
 i - a scroll of fog {unknown}
Potions
 l - a potion of attraction
 m - a potion of curing


   Skills:
 + Level 6.7 Fighting
 + Level 1.7 Short Blades
 + Level 1.7 Long Blades
 + Level 10.5 Axes
 + Level 1.7 Maces & Flails
 + Level 1.7 Polearms
 + Level 1.7 Staves
 + Level 1.7 Ranged Weapons
 + Level 3.1 Throwing
 + Level 1.7 Armour
 + Level 3.1 Dodging
 + Level 1.7 Stealth
 + Level 1.7 Shields
 + Level 1.7 Unarmed Combat
 + Level 1.7 Spellcasting
 + Level 1.3 Conjurations
 + Level 1.3 Hexes
 + Level 1.3 Summonings
 + Level 1.3 Necromancy
 + Level 1.3 Translocations
 + Level 1.3 Fire Magic
 + Level 1.3 Ice Magic
 + Level 1.3 Air Magic
 + Level 1.3 Earth Magic
 + Level 1.3 Alchemy
 + Level 1.9 Invocations
 + Level 1.7 Evocations
 + Level 1.5 Shapeshifting


You had 3 spell levels left.
You knew the following spells:

 Your Spells              Type           Power      Damage    Failure   Level
a - Sticky Flame          Fire/Alch      4%         2d4       95%         4

Your spell library contained the following spells:

 Spells                   Type           Power      Damage    Failure   Level
 Mercury Vapours          Alch/Air       4%         N/A       36%         2
 Inner Flame              Hex/Fire       4%         N/A       61%         3
 Flame Wave               Conj/Fire      4%         2d5       95%         4
 Leda's Liquefaction      Alch/Erth      1%         N/A       95%         4


Dungeon Overview and Level Annotations

Branches:
Dungeon (5/15)             Temple (1/1) D:5

Altars:
Ashenzari
Fedhas
Hepliaklqana
Kikubaaqudgha
Makhleb
Nemelex Xobeh
Okawaru
Qazlal
Ru
Sif Muna
Trog
Uskayaw
Vehumet
Wu Jian
Yredelemnul
The Shining One

Annotations:
D:4 Dowan, Duvessa
D:5 Edmund, Eustachio


Innate Abilities, Weirdness & Mutations

You have very sharp teeth.
Your uncanny sense of smell can sniff out nearby items.
Your experience applies equally to all skills.


Message History

Eustachio the Magnificent comes into view.
He is wielding a +0 rapier.
Found 10 gold pieces.
Eustachio gestures wildly while chanting.
You closely miss Eustachio.
Eustachio casts a spell.
You barely miss Eustachio. Your bite misses Eustachio.
You closely miss the white imp. You slash Eustachio!
Eustachio is moderately wounded.
You hit the white imp. The white imp barely misses you.
Eustachio closely misses you.
You hit Eustachio.
Eustachio is moderately wounded.
You hit the white imp. The white imp gestures at you.
The puff of frost hits you!
You feel a terrible chill! Eustachio misses you.
You closely miss Eustachio.
Eustachio is moderately wounded.
You closely miss the white imp. The white imp completely misses you.
Eustachio hits you with a +0 rapier!
* * * LOW HITPOINT WARNING * * *
You hit Eustachio.
Eustachio is heavily wounded.
You hit the white imp but do no damage. The white imp gestures at you.
The puff of frost hits you!
You feel a terrible chill!
* * * LOW HITPOINT WARNING * * *
Eustachio closely misses you.
You slash the white imp!
You kill the white imp!
The white imp disappears in a puff of smoke!
You hit Eustachio.
Unknown command.
Unknown command.
You hit Eustachio.
Eustachio is severely wounded.
Eustachio says, "Summoning is fun!"
Eustachio hits you with a +0 rapier!
You die...
Eustachio says, "Such is the fate of all honourless rascals."

... #.# .$# #r.
#b# #r# #@# #@#
#...# #§# ∆
#...# #.#######
#...####.......(
#...##...#######
#.............#
#...##...####.#
#...##w.....#
#...##....#.# .


You could see Eustachio, a dart slug, 2 quokkas and a bat (summoned).

Vanquished Creatures
  A scorpion (D:5)
  A bombardier beetle (D:3)
  A hound (D:2)
  2 adders
  A ribbon worm (D:3)
  2 ball pythons
  7 bats
  12 giant cockroaches
  2 goblins
  3 hobgoblins
  13 jackals
  3 quokkas
  A frilled lizard (D:1)
  2 rats
51 creatures vanquished.

Notes
Turn   | Place    | Note
-------+----------+-------------------------------------------
     0 | D:1      | Reached skill level 10 in Axes
     0 | D:1      | zazu2006 the Gnoll Wanderer began the quest for the Orb.
     0 | D:1      | zazu2006 set off with the following items: a +3 hand axe, 8
                  | boomerangs, a +0 dagger, a scroll of blinking, a +0 leather
                  | armour.
     0 | D:1      | Reached XP level 1. HP: 23/23 MP: 1/1
    69 | D:1      | Reached XP level 2. HP: 23/29 MP: 2/2
   138 | D:2      | Reached skill level 1 in Invocations
   138 | D:2      | Reached XP level 3. HP: 27/35 MP: 2/4
   243 | D:3      | Reached skill level 1 in Short Blades
   243 | D:3      | Reached skill level 1 in Long Blades
   243 | D:3      | Reached skill level 1 in Maces & Flails
   243 | D:3      | Reached skill level 1 in Polearms
   243 | D:3      | Reached skill level 1 in Staves
   243 | D:3      | Reached skill level 1 in Ranged Weapons
   243 | D:3      | Reached skill level 1 in Armour
   243 | D:3      | Reached skill level 1 in Stealth
   243 | D:3      | Reached skill level 1 in Shields
   243 | D:3      | Reached skill level 1 in Unarmed Combat
   243 | D:3      | Reached skill level 1 in Spellcasting
   243 | D:3      | Reached skill level 1 in Evocations
   464 | D:4      | Noticed Duvessa
   464 | D:4      | Noticed Dowan
   504 | D:3      | Reached skill level 1 in Shapeshifting
   504 | D:3      | Reached XP level 4. HP: 11/41 MP: 5/5
   556 | D:3      | Reached skill level 1 in Conjurations
   556 | D:3      | Reached skill level 1 in Hexes
   556 | D:3      | Reached skill level 1 in Summonings
   556 | D:3      | Reached skill level 1 in Necromancy
   556 | D:3      | Reached skill level 1 in Translocations
   556 | D:3      | Reached skill level 1 in Fire Magic
   556 | D:3      | Reached skill level 1 in Ice Magic
   556 | D:3      | Reached skill level 1 in Air Magic
   556 | D:3      | Reached skill level 1 in Earth Magic
   556 | D:3      | Reached skill level 1 in Alchemy
   891 | D:3      | Reached XP level 5. HP: 43/47 MP: 5/7
  1123 | D:5      | Entered Level 5 of the Dungeon
  1153 | D:5      | Found a staircase to the Ecumenical Temple.
  1154 | D:5      | Got the Secrets of Galvanic Xanthosis
  1167 | Temple   | Entered the Ecumenical Temple
  1189 | Temple   | Became a worshipper of Vehumet
  1251 | D:5      | Noticed Edmund
  1267 | Temple   | Learned a level 4 spell: Sticky Flame
  1322 | D:5      | Noticed Eustachio
  1333 | D:5      | Slain by Eustachio

Illustrated notes

Levels and vault maps discovered:
D:1:      wander_arrival_lonely_grave, layout_loops_ring, supply_closet_lemuel
D:2:      layout_basic, shapermc_ecumenical_altar_rom_forum, serial_park_tiny_2,
          uniq_jessica, uniq_robin
D:3:      minmay_roachtagon, layout_loops_corners
D:4:      layout_loops_ring, kennysheep_little_box,
          ebering_dispersal_statue_hall, uniq_menkaure, uniq_crazy_yiuf_cottage,
          uniq_duvessa, uniq_grinder
D:5:      wander_river, layout_basic, temple_fountains, minmay_misc_feat_chi,
          uniq_eustachio, uniq_edmund
Temple:   nicolae_temple_bog_church

Skill      XL: |  1  2  3  4  5 |
---------------+----------------+-----
Axes           | | 10.5
Invocations    | 1 |  1.9
Short Blades   | 1 |  1.7
Long Blades    | 1 |  1.7
Maces & Flails | 1 |  1.7
Polearms       | 1 |  1.7
Staves         | 1 |  1.7
Ranged Weapons | 1 |  1.7
Armour         | 1 |  1.7
Stealth        | 1 |  1.7
Shields        | 1 |  1.7
Unarmed Combat | 1 |  1.7
Spellcasting   | 1 |  1.7
Evocations     | 1 |  1.7
Shapeshifting  | 1 |  1.5
Conjurations   | 1 |  1.3
Hexes          | 1 |  1.3
Summonings     | 1 |  1.3
Necromancy     | 1 |  1.3
Translocations | 1 |  1.3
Fire Magic     | 1 |  1.3
Ice Magic      | 1 |  1.3
Air Magic      | 1 |  1.3
Earth Magic    | 1 |  1.3
Alchemy        | 1 |  1.3
Throwing       | 3 |  3.1
Dodging        | 3 |  3.1
Fighting       | |  6.7

Action                     |  1- 3 |  4- 6 || total
---------------------------+-------+-------++-------
  Melee: Hand axe          |    59 |    91 ||   150
         Bite              |     4 |     7 ||    11
  Throw: Boomerang         |     1 |     3 ||     4
    Use: Scroll            |     1 |     2 ||     3
         Potion            |       |     7 ||     7
   Stab: Sleeping          |     1 |     1 ||     2
 Armour: Leather armour    |    35 |    61 ||    96
  Dodge: Dodged            |    41 |    54 ||    95

Table legend: (Time is in decaauts)
 A = Elapsed time spent in this place.
 B = Non-inter-level travel time spent in this place.
 C = Inter-level travel time spent in this place.
 D = Time resting spent in this place.
 E = Time spent auto-exploring this place.
 F = Levels seen in this place.
 G = Mean time per level.
                   A        B        C        D        E       F      G
               +--------+--------+--------+--------+--------+-----+--------+
         Total |   1281 |   1187 |     94 |     49 |    166 |   6 |  213.5 |
       Dungeon |   1189 |   1105 |     84 |      0 |    166 |   5 |  237.8 |
        Temple |     92 |     82 |     10 |     49 |      0 |   1 |   92.0 |
               +--------+--------+--------+--------+--------+-----+--------+

Top non-repeatable levels by time:
     D:3: 720 daAuts
     D:4: 156 daAuts
     D:5: 110 daAuts
     D:1: 106 daAuts
     D:2: 95 daAuts
  Temple: 92 daAuts
